 Dungeon Crawl Stone Soup version 0.27-a0-328-g7f782ed93a (webtiles) character file.

Game seed: 5661583540793888951

1567 ReteAZ the Fighter (level 8, -15/86 (89) HPs)
             Began as an Ogre Hunter on Feb 11, 2021.
             Was an Initiate of Okawaru.
             Killed from afar by a raiju (18 damage)
             ... with a living lightning
             ... on level 3 of the Abyss.
             The game lasted 00:10:23 (9127 turns).

ReteAZ the Fighter (Ogre Hunter)                    Turns: 9127, Time: 00:10:24

HP:   -15/86 (89)   AC:  4    Str: 25    XL:     8   Next: 90%
MP:   9/9           EV:  8    Int: 13    God:    Okawaru [......]
Gold: 465           SH: 11    Dex:  9    Spells: 7/7 levels left

rFire    . . .     SeeInvis .   H - +5 whip of Rokkis {vamp, rPois Will+ Str+3}
rCold    . . .     Faith    .   M - +4 kite shield of Untruth {*Corrode Str+4}
rNeg     . . .     Spirit   .   b - +0 robe
rPois    +         Reflect  .   (helmet restricted)
rElec    .         Harm     .   A - +0 cloak
rCorr    .         Rampage  .   (gloves unavailable)
Will     ++...                  (boots unavailable)
Stlth    +.........             (no amulet)
HPRegen  0.24/turn              B - ring of willpower
MPRegen  0.11/turn              x - +4 ring of protection

@: brilliant, about to teleport, corroded, attractive, lightly drained
A: large, unfitting armour, tough skin 1
a: Renounce Religion


You were on level 3 of the Abyss.
You worshipped Okawaru.
Okawaru was noncommittal.
You visited 2 branches of the dungeon, and saw 8 of its levels.
You visited the Abyss 1 time.

You collected 465 gold pieces.

Inventory:

Hand Weapons
 a - a +0 short sword
 r - a +0 spear
 u - a +3 dagger of venom
 F - a +0 battleaxe
 H - the +5 whip of Rokkis (weapon) {vamp, rPois Will+ Str+3}
   (You found it on level 6 of the Dungeon)

   It inflicts no extra harm, but heals its wielder when it wounds a living foe.
   It affects your strength (+3).
   It protects you from poison.
   It affects your willpower, your defense against some magical effects.
Missiles
 c - 3 large rocks
 d - 2 throwing nets
 g - 8 boomerangs (quivered)
 D - 21 poisoned darts
Armour
 b - a +0 robe (worn)
 A - a +0 cloak (worn)
 I - a scarf of shadows
 M - the +4 kite shield of Untruth (worn) {*Corrode Str+4}
   (You found it on level 3 of the Abyss)

   It affects your strength (+4).
   It may corrode you when you take damage.
Jewellery
 k - a ring of protection from cold
 x - a +4 ring of protection (right hand)
 B - a ring of willpower (left hand)
 K - a ring of willpower
Wands
 w - a wand of random effects (23)
Scrolls
 e - 2 scrolls of teleportation
 f - 10 scrolls of identify
 j - 6 scrolls of enchant armour {unknown}
 n - 3 scrolls of amnesia {unknown}
 o - 3 scrolls of enchant weapon {unknown}
 q - a scroll of blinking {unknown}
 s - a scroll of magic mapping {unknown}
 y - a scroll of random uselessness {unknown}
 C - a scroll of fear {unknown}
 G - a scroll of noise {unknown}
 J - a scroll of fog {unknown}
 L - a scroll of brand weapon {unknown}
Potions
 m - a potion of might {unknown}
 p - 2 potions of lignification {unknown}
 t - a potion of haste {unknown}
 v - a potion of brilliance
 z - 2 potions of flight {unknown}
 E - 2 potions of mutation {unknown}


   Skills:
 + Level 8.5 Fighting
 + Level 7.4 Throwing
 + Level 5.9 Dodging
 - Level 0.6 Stealth
 + Level 1.5 Invocations


You had 7 spell levels left.
You didn't know any spells.
Your spell library was empty.

Dungeon Overview and Level Annotations

Branches:
Dungeon (7/15)             Temple (1/1) D:6

Altars:
Ashenzari
Cheibriados
Dithmenos
Elyvilon
Fedhas
Gozag
Hepliaklqana
Kikubaaqudgha
Nemelex Xobeh
Okawaru
Qazlal
Ru
Sif Muna
Trog
Vehumet
Wu Jian
Xom
Yredelemnul
Zin
The Shining One

Annotations:
D:4 3 runed translucent doors, threeofswords's ghost, amateur DsAK
D:7 Harold


Innate Abilities, Weirdness & Mutations

You are too large for most types of armour.
You have tough skin. (AC +1)


Message History

The raiju blinks!
You feel much better. You block the raiju's attack. x2
The raiju bites you but does no damage.
You feel much better. You block the raiju's attack.
The raiju bursts into living lightning!
The living lightning hits you!
The raiju blinks!
You block the raiju's attack.
It was a potion of attraction.
You feel attractive to monsters. The raiju bites you but does no damage.
The raiju bursts into living lightning!
The living lightning misses you.
The raiju blinks!
The raiju bites you. The raiju shocks you!
It was a potion of curing.
You feel better. You block the raiju's attack.
The raiju bursts into living lightning!
The living lightning hits the raiju.
The raiju completely resists.
The living lightning misses you.
The living lightning hits the raiju.
The raiju completely resists.
The raiju blinks!
The raiju bites you but does no damage.
The raiju bursts into living lightning!
The living lightning hits you!
The raiju blinks!
The raiju is pulled toward you!
It was a potion of brilliance.
You feel clever all of a sudden. The raiju bites you. The raiju shocks you!
* * * LOW HITPOINT WARNING * * *
The raiju bursts into living lightning!
The living lightning hits you!
* * * LOW HITPOINT WARNING * * *
Your corrosive artefact corrodes you!
The raiju blinks!
The raiju bites you.
* * * LOW HITPOINT WARNING * * *
The raiju shocks you!
* * * LOW HITPOINT WARNING * * *
You feel better. The raiju bites you.
* * * LOW HITPOINT WARNING * * *
The raiju shocks you!
* * * LOW HITPOINT WARNING * * *
The raiju bursts into living lightning!
The living lightning hits the raiju.
The raiju completely resists.
The living lightning hits you!!
You die...

. #....### #.
###.# ..#.#..
#.. .##...# #
.
#..#.......##
.. #.......#
.##...
..##.....#...#
. #.#...#.. .
#..#..#h# . #.
#.hh@#
#...##h.#
##.## ..# #.#
##.# #. ##. .
### .


You could see 4 raiju.

Vanquished Creatures
  Grinder (D:5)
  A sky beast (D:6)
  An ice beast (D:6)
  An ogre (D:6)
  A centaur (D:6)
  A phantom (D:4)
  3 bullfrogs
  3 wights (D:6)
  A howler monkey (D:5)
  An orc priest (D:4)
  Crazy Yiuf (D:3)
  A hound (D:6)
  4 orc wizards
  5 worker ants
  9 adders
  A gnoll (D:4)
  A howler monkey skeleton (D:4)
  2 white imps
  An ufetubus (D:4)
  5 oozes
  An adder skeleton (D:5)
  A worm (D:3)
  5 dart slugs
  2 leopard geckos
  24 orcs
  4 giant cockroaches
  17 goblins
  6 hobgoblins
  14 jackals
  10 kobolds
  A quokka (D:7)
  A ball python (D:2)
  9 bats
  3 frilled lizards
  A leopard gecko skeleton (D:7)
  6 rats
149 creatures vanquished.

Vanquished Creatures (others)
  3 plants (D:4)
3 creatures vanquished.

Grand Total: 152 creatures vanquished

Notes
Turn   | Place    | Note
-------+----------+-------------------------------------------
     0 | D:1      | ReteAZ the Ogre Hunter began the quest for the Orb.
     0 | D:1      | Reached XP level 1. HP: 22/22 MP: 1/1
   107 | D:1      | Reached skill level 3 in Fighting
   107 | D:1      | Reached XP level 2. HP: 7/31 MP: 2/2
  1074 | D:1      | Reached XP level 3. HP: 32/37 MP: 3/3
  1818 | D:2      | Reached XP level 4. HP: 25/48 MP: 4/4
  2032 | D:2      | Reached skill level 4 in Fighting
  3501 | D:3      | Reached XP level 5. HP: 54/55 MP: 5/5
  4062 | D:3      | Found a runed translucent door.
  4063 | D:3      | Noticed Crazy Yiuf
  4071 | D:3      | Killed Crazy Yiuf
  4072 | D:3      | Reached skill level 5 in Throwing
  4297 | D:4      | Reached skill level 5 in Fighting
  4297 | D:4      | Reached XP level 6. HP: 14/66 MP: 6/6
  4902 | D:4      | Found a runed translucent gate.
  4902 | D:4      | Found a runed translucent gate.
  4902 | D:4      | Found a runed translucent gate.
  4905 | D:4      | Noticed threeofswords's ghost (amateur DsAK)
  5278 | D:4      | Found an opulent altar of Gozag.
  5297 | D:4      | Reached XP level 7. HP: 26/74 MP: 7/7
  5298 | D:4      | Found a stormy altar of Qazlal.
  5301 | D:4      | Found a sacrificial altar of Ru.
  5829 | D:4      | Reached skill level 6 in Fighting
  6020 | D:5      | Entered Level 5 of the Dungeon
  6214 | D:5      | Noticed Grinder
  6250 | D:5      | Paralysed by Grinder for 7 turns
  6254 | D:5      | HP: 2/75 [Grinder (5)]
  6257 | D:5      | Killed Grinder
  6806 | D:5      | Found a hazy altar of Hepliaklqana.
  7509 | D:6      | Reached skill level 7 in Fighting
  7515 | D:6      | Reached XP level 8. HP: 87/87 MP: 8/8
  7763 | D:6      | Got a fine whip
  7765 | D:6      | Identified the +5 whip of Rokkis {vamp, rPois Will+ Str+3}
                  | (You found it on level 6 of the Dungeon)
  7772 | D:6      | Reached skill level 5 in Dodging
  8010 | D:6      | Found a staircase to the Ecumenical Temple.
  8038 | Temple   | Entered the Ecumenical Temple
  8143 | Temple   | Became a worshipper of Warmaster Okawaru
  8231 | D:6      | Reached skill level 8 in Fighting
  8312 | D:6      | Found a shimmering blue altar of Sif Muna.
  8350 | D:6      | Found a basalt altar of Yredelemnul.
  8416 | D:6      | Reached skill level 1 in Invocations
  8998 | D:7      | Noticed Harold
  9004 | D:7      | Cast into level 3 of the Abyss (Harold)
  9064 | Abyss:3  | Noticed an ancient zyme
  9086 | Abyss:3  | Noticed a silent spectre
  9107 | Abyss:3  | Got a polished kite shield
  9118 | Abyss:3  | Noticed a raiju
  9118 | Abyss:3  | Noticed a raiju
  9119 | Abyss:3  | Noticed a raiju
  9120 | Abyss:3  | Identified the +4 kite shield of Untruth {*Corrode Str+4}
                  | (You found it on level 3 of the Abyss)
  9120 | Abyss:3  | Noticed a raiju
  9126 | Abyss:3  | HP: 4/86 [raiju (8)]
  9127 | Abyss:3  | Killed from afar by a raiju

Illustrated notes

Levels and vault maps discovered:
D:1:      lightli_arrival_windingriver, layout_rooms, moated_statue,
          corexii_hall_statues_t
D:2:      layout_basic
D:3:      layout_loops_ring, uniq_crazy_yiuf_cottage
D:4:      corexii_shantytown, layout_cave_pools,
          minmay_overflow_temple_star_quad, gammafunk_ghost_necromancy
D:5:      layout_loops_cross, general_overflow_altar, minmay_crossroads,
          uniq_grinder
D:6:      layout_cave_pools, temple_doors_e, basic_altar,
          yredelemnul_altar_generic
D:7:      layout_basic, uniq_harold
Temple:   nicolae_temple_elliptical
Abyss:3:  base: D:7, evilmike_abyss_rune_tso_outpost, hangedman_abyss_mock_shop,
          evilmike_abyss_rune_siren_acolytes,
          dshaligram_kb_abyss_rune_zappy_water_cross

Skill      XL: |  1  2  3  4  5  6  7  8 |
---------------+-------------------------+-----
Fighting       | 3 4 5 7 8 |  8.5
Dodging        | 2 3 4 5 |  5.9
Throwing       | 5 6 7 |  7.4
Invocations    | 1 |  1.5
Stealth        | |  0.6

Action                   |  1- 3 |  4- 6 |  7- 9 || total
-------------------------+-------+-------+-------++-------
Melee: Short sword       |   155 |    54 |       ||   209
       Spear             |       |    42 |       ||    42
       Dagger            |       |   117 |   174 ||   291
       Whip              |       |       |    82 ||    82
Throw: Boomerang         |    11 |    17 |     7 ||    35
       Large rock        |       |       |     4 ||     4
       Dart              |       |       |     6 ||     6
  Use: Potion            |       |       |     8 ||     8
       Scroll            |       |       |     3 ||     3
 Stab: Sleeping          |       |     1 |     1 ||     2
Armor: Robe              |    70 |    81 |    93 ||   244
Dodge: Dodged            |   135 |   119 |   142 ||   396
Block: Kite shield       |       |       |     5 ||     5

Table legend: (Time is in decaauts)
 A = Elapsed time spent in this place.
 B = Non-inter-level travel time spent in this place.
 C = Inter-level travel time spent in this place.
 D = Time resting spent in this place.
 E = Time spent auto-exploring this place.
 F = Levels seen in this place.
 G = Mean time per level.
                   A        B        C        D        E       F      G
               +--------+--------+--------+--------+--------+-----+--------+
         Total |   9159 |   8920 |    239 |   2032 |   5494 |   9 | 1017.7 |
       Dungeon |   8923 |   8690 |    233 |   2032 |   5401 |   7 | 1274.7 |
        Temple |    113 |    107 |      6 |      0 |     93 |   1 |  113.0 |
         Abyss |    123 |    123 |      0 |      0 |      0 |   1 |  123.0 |
               +--------+--------+--------+--------+--------+-----+--------+

Top non-repeatable levels by time:
     D:4: 1843 daAuts
     D:1: 1695 daAuts
     D:5: 1451 daAuts
     D:6: 1263 daAuts
     D:2: 1261 daAuts
     D:3: 1244 daAuts
     D:7: 162 daAuts
 Abyss:3: 123 daAuts
  Temple: 113 daAuts
